 Dungeon Sprint DCSS version 0.28-a0-381-g937acc2988 (webtiles) character file.

Game seed: 11517354043339973718

0 Ankalagon the Poker (level 1, -6/31 HPs)
             Began as a Naga Berserker on Sept 1, 2021.
             Was a Follower of Trog.
             Mangled by a merfolk siren (12 damage)
             ... in the Dungeon (Sprint II: "The Violet Keep of Menkaure").
             The game lasted 00:00:11 (12 turns).

Ankalagon the Poker (Naga Berserker)                  Turns: 12, Time: 00:00:12

Health: -6/31      AC:  1    Str: 19    XL:     1   Next: 0%
Magic:  1/1        EV:  9    Int:  7    God:    Trog [*.....]
Gold:   0          SH:  0    Dex: 10    Spells: 0/0 levels left

rFire   . . .      SeeInvis +   a - +0 spear
rCold   . . .      Faith    .   (no shield)
rNeg    . . .      Spirit   .   b - +0 animal skin
rPois   +          Reflect  .   (no helmet)
rElec   .          Harm     .   (no cloak)
rCorr   .          Rampage  .   (no gloves)
Will    .....      NoTele   +   (no barding)
Stlth   ..........              (no amulet)
HPRegen 0.10/turn               (no ring)
MPRegen 0.07/turn               (no ring)

@: berserking, quick
A: AC +0, large, see invisible, deformed body, poison resistance, slowness 2,
spit poison 1, naga tail 1
a: Spit Poison, Renounce Religion, Berserk


You were in the Dungeon.
You worshipped Trog.
Trog was aware of your devotion.
You visited 1 branch

Inventory:

Hand Weapons
 a - a +0 spear (weapon)
Armour
 b - a +0 animal skin (worn)
Scrolls
 h - a scroll of blinking
Potions
 c - a potion of curing
 d - a potion of heal wounds
 e - a potion of haste
 f - 2 potions of magic
 g - a potion of berserk rage


   Skills:
 + Level 3.0 Fighting
 + Level 3.0 Polearms
 - Level 1.5 Armour
 - Level 1.5 Dodging


You couldn't memorise any spells.
You didn't know any spells.
Your spell library was empty.

Dungeon Overview and Level Annotations

Branches:
Dungeon (1/1)

Altars:


Innate Abilities, Weirdness & Mutations

Your serpentine skin is tough. (AC +0)
You have supernaturally acute eyesight. (SInv)
Armour fits poorly on your strangely shaped body.
Your system is resistant to poisons. (rPois)
You cover ground very slowly.
You can spit poison.
You have a snake-like lower body.


Message History

You reach to attack!
You closely miss the merfolk siren.
The merfolk siren is moderately wounded.
The merfolk siren barely misses you.
Reach: a) +0 spear
Press: ? - help, Dir - move target, f/p - merfolk siren
Aim: a merfolk siren, wielding a +0 spear (moderately wounded, about 47% to evade your +0 spear)
You reach to attack!
You closely miss the merfolk siren.
The merfolk siren is moderately wounded.
The merfolk siren barely misses you.
Reach: a) +0 spear
Press: ? - help, Dir - move target, f/p - merfolk siren
Aim: a merfolk siren, wielding a +0 spear (moderately wounded, about 47% to evade your +0 spear)
You reach to attack!
You closely miss the merfolk siren.
The merfolk siren is moderately wounded.
Reach: a) +0 spear
Press: ? - help, Dir - move target, f/p - merfolk siren
Aim: a merfolk siren, wielding a +0 spear (moderately wounded, about 47% to evade your +0 spear)
You reach to attack!
You closely miss the merfolk siren.
The merfolk siren is moderately wounded.
The merfolk siren hits you from afar with a +0 spear!
* * * LOW HITPOINT WARNING * * *
Reach: a) +0 spear
Press: ? - help, Dir - move target, f/p - merfolk siren
Aim: a merfolk siren, wielding a +0 spear (moderately wounded, about 47% to evade your +0 spear)
You reach to attack!
You closely miss the merfolk siren.
The merfolk siren is moderately wounded.
The merfolk siren hits you from afar with a +0 spear.
* * * LOW HITPOINT WARNING * * *
Reach: a) +0 spear
Press: ? - help, Dir - move target, f/p - merfolk siren
Aim: a merfolk siren, wielding a +0 spear (moderately wounded, about 47% to evade your +0 spear)
You reach to attack!
You barely miss the merfolk siren.
The merfolk siren is moderately wounded.
Reach: a) +0 spear
Press: ? - help, Dir - move target, f/p - merfolk siren
Aim: a merfolk siren, wielding a +0 spear (moderately wounded, about 47% to evade your +0 spear)
You reach to attack!
You puncture the merfolk siren!
The merfolk siren is heavily wounded.
The merfolk siren hits you from afar with a +0 spear!
You die...

# #+# .##
##.##...#
+.<@'m#
##.##...#
#+# .## #


You could see a merfolk siren.

Vanquished Creatures (others)
  Menkaure (D)
1 creature vanquished.

Notes
Turn   | Place    | Note
-------+----------+-------------------------------------------
     0 | D        | Ankalagon the Naga Berserker began the quest for the Orb.
     0 | D        | Reached XP level 1. HP: 21/21 MP: 1/1
     1 | D        | Noticed a merfolk siren
     8 | D        | Killed Menkaure
    12 | D        | Mangled by a merfolk siren

Illustrated notes

Levels and vault maps discovered:
D:        the_violet_keep_of_menkaure [sprint2_stairs_cluster_1,
          sprint2_shoproom, sprint2_temple, sprint2_basic_supplies,
          sprint2_obstacle_3, sprint2_obstacle_6, sprint2_obstacle_5,
          sprint2_obstacle_1, sprint2_obstacle_2, sprint2_timed_cluster_1,
          sprint2_smallroom_cluster_1, sprint2_smallroom_final_cluster_1,
          sprint2_transparent_cluster_1, sprint2_second_timed_cluster_1,
          sprint2_sniper_area_1, sprint2_heavy_combat_area_1,
          sprint2_mutation_trap_area_1, sprint2_forest_area_1,
          sprint2_light_combat_area_1, sprint2_behind_water_1,
          sprint2_near_end_vault_1]

Action                   || total
-------------------------++-------
Melee: Spear             ||    10
Invok: Berserk           ||     1
Dodge: Dodged            ||     3

Table legend: (Time is in decaauts)
 A = Elapsed time spent in this place.
 B = Non-inter-level travel time spent in this place.
 C = Inter-level travel time spent in this place.
 D = Time resting spent in this place.
 E = Time spent auto-exploring this place.
 F = Levels seen in this place.
 G = Mean time per level.
                   A        B        C        D        E       F      G
               +--------+--------+--------+--------+--------+-----+--------+
         Total |      9 |      9 |      0 |      0 |      0 |   1 |    9.0 |
       Dungeon |      9 |      9 |      0 |      0 |      0 |   1 |    9.0 |
               +--------+--------+--------+--------+--------+-----+--------+

Top non-repeatable levels by time:
       D: 9 daAuts
